 Dungeon Crawl Stone Soup version 0.31-a0-246-g8cbcc1cb85 (webtiles) character file.

Game seed: 5212806711492122951

7349 Dittersdorf the Fighter (level 11, -6/72 HPs)
             Began as a Gargoyle Fighter on July 12, 2023.
             Was a High Priest of Okawaru.
             Mangled by an ice devil (10 damage)
             ... on level 9 of the Dungeon.
             The game lasted 00:09:26 (6546 turns).

Dittersdorf the Fighter (Gargoyle Fighter)          Turns: 6546, Time: 00:09:26

Health: -6/72      AC: 16    Str: 24      XL:     11   Next: 13%
Magic:  10/11      EV:  8    Int:  5 (7)  God:    Okawaru [*****.]
Gold:   708        SH: 13    Dex:  9      Spells: 10/10 levels left

rFire   . . .        a - +1 flail (venom)
rCold   . . .        t - +2 buckler
rNeg    + + +        c - +0 chain mail
rPois   ∞            l - +2 helmet of Vadaud {rN++ Regen+ Int-2 Stlth+}
rElec   +            (no cloak)
rCorr   .            n - +0 pair of gloves
SInv    .            (no boots)
Will    .....        p - amulet of reflection Stlth
                     (no ring)
HPRegen 1.12/turn    (no ring)
MPRegen 0.12/turn

%: reflection
@: corroded
A: sickness immunity, AC +8, negative energy resistance 1, electricity
resistance, torment resistance 1, petrification resistance
a: Renounce Religion, Heroism, Finesse, Duel


You were on level 9 of the Dungeon.
You worshipped Okawaru.
Okawaru was extremely pleased with you.
You visited 2 branches of the dungeon, and saw 10 of its levels.
You also visited: Ossuary.

You collected 708 gold pieces.

Inventory:

Hand Weapons
 a - a +1 flail of venom (weapon)
 b - a +0 morningstar
Armour
 c - a +0 chain mail (worn)
 l - the +2 helmet of Vadaud (worn) {rN++ Regen+ Int-2 Stlth+}
   (You found it on level 2 of the Dungeon)

   Int:       It affects your intelligence (-2).
   rN:        It greatly protects you from negative energy.
   Regen:     It increases your rate of health regeneration.
   Stlth:     It makes you more stealthy.
 n - a +0 pair of gloves (worn)
 t - a +2 buckler (worn)
Jewellery
 p - an amulet of reflection (around neck)
Wands
 q - a wand of flame (8)
Scrolls
 f - 2 scrolls of enchant weapon
 h - 4 scrolls of teleportation
 u - a scroll of blinking
Potions
 d - 4 potions of might
 e - a potion of haste
 g - 2 potions of mutation
 i - a potion of curing {unknown}
 j - a potion of ambrosia
 k - 3 potions of heal wounds
 m - a potion of invisibility
 o - a potion of enlightenment


   Skills:
 + Level 9.9 Fighting
 + Level 8.7 Maces & Flails
 + Level 9.9 Armour
 + Level 9.8 Shields


You had 10 spell levels left.
You didn't know any spells.
Your spell library contained the following spells:

 Spells                   Type           Power      Damage    Failure   Level
 Freeze                   Ice            0%         1d3       95%         1
 Ensorcelled Hibernation  Hex/Ice        0%         N/A       98%         2
 Lesser Beckoning         Tloc           0%         N/A       98%         2
 Passwall                 Tmut/Erth      0%         N/A       98%         2
 Frozen Ramparts          Ice            0%         1d1       100%        3
 Gell's Gravitas          Tloc           0%         N/A       100%        3
 Hailstorm                Conj/Ice       0%         3d3       100%        3
 Ignite Poison            Fire/Tmut/Pois 0%         N/A       100%        3
 Swiftness                Air            0%         N/A       100%        3
 Teleport Other           Tloc           0%         N/A       100%        3
 Anguish                  Hex/Necr       0%         N/A       100%        4
 Dispel Undead            Necr           0%         3d6       100%        4
 Fulminant Prism          Conj/Hex       0%         3d5       100%        4
 Fireball                 Conj/Fire      0%         3d3       100%        5
 Freezing Cloud           Conj/Ice/Air   0%         6-21      100%        5
 Eringya's Noxious Bog    Tmut/Pois      0%         4d6       100%        6
 Fire Storm               Conj/Fire      0%         5d1       100%        9
 Cigotuvi's Dreadful Rot  Necr/Pois/Air  Unusable   N/A       N/A         2
 Summon Forest            Summ/Tloc      Unusable   N/A       N/A         5
 Death Channel            Necr           Unusable   N/A       N/A         6
 Summon Hydra             Summ           Unusable   N/A       N/A         7

Dungeon Overview and Level Annotations

Branches:
Dungeon (9/15)             Temple (1/1) D:4            Lair (0/5) D:9
Ossuary (visited)
    Orc: D:9-12

Altars:
Cheibriados
Dithmenos
Elyvilon
Kikubaaqudgha
Makhleb
Nemelex Xobeh
Okawaru
Ru
Sif Muna
Vehumet
The Shining One

Shops:
D:6 (

Portals:
Abyss: D:3

Annotations:
D:3 2 transporters
D:8 1 transporter


Innate Abilities, Weirdness & Mutations

You are immune to sickness and miasma.
Your stone body is resilient. (AC +8)
You are immune to poison.
You resist negative energy. (rN+)
You are resistant to electric shocks. (rElec)
You are resistant to unholy torment.
You are immune to petrification.


Message History

You hit the ice devil but do no damage.
The ice devil looks as sick as possible!
The ice devil is heavily wounded.
You bludgeon the ice devil!!
You kill the ice devil!
Okawaru accepts your kill. Okawaru grants you armour!
Something appears at your feet!
You see here the +0 cloak "Qiytu" {-Cast rElec rC- Dex+8}.
You sock the rust devil!
The rust devil looks as sick as possible!
The rust devil is moderately wounded.
The rust devil hits you. The rust devil corrodes you!
You hit the rust devil.
The rust devil is heavily wounded.
The rust devil hits you. The rust devil corrodes you!
You sock the rust devil!
The rust devil is severely wounded.
You hit the rust devil.
The rust devil looks as sick as possible!
The rust devil is almost dead.
The rust devil hits you. The rust devil corrodes you!
You hit the rust devil.
You kill the rust devil!
Okawaru accepts your kill.
You feel your intelligence returning.
You hit the ice devil but do no damage. You block the ice devil's attack.
You hit the ice devil but do no damage. You hit the ice devil but do no damage.
You feel like a meek peon again. The ice devil hits you.
The ice devil freezes you!!
You barely miss the ice devil. The ice devil barely misses you.
You hit the ice devil but do no damage.
The ice devil is poisoned.
The ice devil hits you! The ice devil freezes you!!
* * * LOW HITPOINT WARNING * * *
The ice devil attacks as you move away! You block the ice devil's attack.
The ice devil attacks as you move away! The ice devil hits you!
* * * LOW HITPOINT WARNING * * *
The ice devil freezes you!
You die...

.## ##'## #.# ..#
##...## #.#
..###.....## ###.#
..##.......# ##.#.#
.##.........####....#
..'.†.......+.......#
###.........####...##
##.......## #..##
##.....## #@##
##...## #4# #+## #z#
#3# #3# #.# #z#
.##.###z####
#..>....4..##


You could see an ice devil (very poisoned), 2 neqoxecs and 3 wights.

Vanquished Creatures
  A two-headed ogre (D:8)
  3 death yaks (D:8)
  A rust devil (D:9)
  An ice devil (D:9)
  2 hornets
  Sigmund (D:2)
  A wraith (D:9)
  2 wyverns (D:9)
  3 yaks (D:7)
  2 steam dragons
  Menkaure (D:5)
  A black bear (D:7)
  2 orc warriors (D:8)
  2 ice beasts
  An ogre (D:3)
  A centaur (D:7)
  2 bullfrogs (D:8)
  4 scorpions
  9 wights
  6 killer bees (D:8)
  3 howler monkeys
  2 electric eels (D:7)
  3 hounds
  3 jellies
  A gnoll bouda (D:7)
  4 orc priests
  2 sleepcaps
  2 iguanas (D:5)
  3 orc wizards
  A statue (D:3)
  3 mummies
  3 gnolls (D:7)
  4 adders
  2 river rats (D:9)
  A shadow imp (D:5)
  3 white imps
  An ufetubus (D:5)
  A worm (D:1)
  3 dart slugs
  18 orcs
  7 ball pythons
  6 endoplasms
  A giant cockroach (D:2)
  6 goblins
  6 hobgoblins
  6 jackals
  6 quokkas
  6 bats
  A frilled lizard (D:3)
  5 gnoll zombies (Ossuary)
  4 goblin zombies (Ossuary)
  5 kobolds
  5 orc zombies (Ossuary)
  A rat (D:2)
174 creatures vanquished.

Notes
Turn   | Place    | Note
-------+----------+-------------------------------------------
     0 | D:1      | Dittersdorf the Gargoyle Fighter began the quest for the
                  | Orb.
     0 | D:1      | Reached XP level 1. HP: 14/14 MP: 1/1
    50 | D:1      | Found a faded altar of an unknown god.
   189 | D:1      | Reached XP level 2. HP: 16/19 MP: 2/2
   585 | D:2      | Identified the +2 helmet of Vadaud {rN++ Regen+ Int-2
                  | Stlth+}
   753 | D:2      | Reached XP level 3. HP: 24/24 MP: 3/3
   783 | D:2      | Noticed Sigmund
   929 | D:2      | Killed Sigmund
   930 | D:2      | Reached XP level 4. HP: 21/30 MP: 4/4
   930 | D:2      | Reached XP level 5. HP: 23/34 MP: 5/5
  1161 | D:3      | Noticed an ogre
  1178 | D:3      | Killed an ogre
  1179 | D:3      | Reached XP level 6. HP: 18/39 MP: 6/6
  1309 | D:3      | Found a one-way gate to the infinite horrors of the Abyss.
  1314 | D:3      | Found a transporter.
  1317 | D:3      | Found a transporter.
  1426 | D:3      | Found a radiant altar of Vehumet.
  1623 | D:4      | Reached skill level 5 in Fighting
  1623 | D:4      | Reached skill level 5 in Armour
  1623 | D:4      | Reached skill level 5 in Shields
  1708 | D:4      | Reached XP level 7. HP: 34/44 MP: 7/7
  1839 | D:4      | Found a shimmering blue altar of Sif Muna.
  1974 | D:4      | Found a staircase to the Ecumenical Temple.
  1981 | Temple   | Entered the Ecumenical Temple
  2000 | Temple   | Became a worshipper of Warmaster Okawaru
  2178 | D:4      | Found a white marble altar of Elyvilon.
  2319 | D:4      | Found a sacrificial altar of Ru.
  2731 | D:5      | Entered Level 5 of the Dungeon
  3534 | D:5      | Reached XP level 8. HP: 51/51 MP: 8/8
  3560 | D:5      | Reached * piety under Okawaru
  3636 | D:5      | Noticed Menkaure
  3644 | D:5      | Killed Menkaure
  3645 | D:5      | Reached skill level 5 in Maces & Flails
  4076 | D:6      | You fall into a shaft and drop 2 floors!
  4087 | D:8      | Found a sand-covered staircase.
  4096 | Ossuary  | Entered an ossuary
  4277 | D:8      | Reached ** piety under Okawaru
  4325 | D:8      | Found a sparkling altar of Nemelex Xobeh.
  4325 | D:8      | Found a transporter.
  4325 | D:8      | Noticed a deep elf pyromancer
  4326 | D:8      | Noticed a tengu warrior
  4339 | D:8      | Noticed a two-headed ogre
  4349 | D:8      | Killed a two-headed ogre
  4349 | D:8      | Reached *** piety under Okawaru
  4350 | D:8      | Reached XP level 9. HP: 43/57 MP: 6/9
  4350 | D:8      | Received a gift from Okawaru
  4602 | D:6      | Found a snail-covered altar of Cheibriados.
  4696 | D:6      | Found Dij Egua's Antique Weapon Shop.
  5099 | D:7      | Identified the +1 battleaxe of Gozag's Reproof {heavy,
                  | Int+3}
  5160 | D:7      | Noticed a hornet
  5183 | D:7      | Killed a hornet
  5184 | D:7      | Reached XP level 10. HP: 64/64 MP: 10/10
  5221 | D:7      | Found an ancient bone altar of Kikubaaqudgha.
  5353 | D:7      | Found a burning altar of Makhleb.
  5481 | D:7      | Found a shadowy altar of Dithmenos.
  5669 | D:8      | Found a glowing golden altar of the Shining One.
  5914 | D:8      | Got the Grimoire of Prime Ice
  6104 | D:9      | Noticed a death yak
  6125 | D:9      | Noticed a death yak
  6155 | D:8      | Killed a death yak
  6155 | D:8      | Reached **** piety under Okawaru
  6185 | D:9      | Noticed a death yak
  6210 | D:8      | Killed a death yak
  6290 | D:8      | Killed a death yak
  6290 | D:8      | Reached ***** piety under Okawaru
  6318 | D:9      | Found a staircase to the Lair.
  6368 | D:9      | Reached XP level 11. HP: 68/72 MP: 11/11
  6532 | D:9      | Identified the +0 cloak "Qiytu" {-Cast rElec rC- Dex+8}
                  | (Okawaru gifted it to you on level 9 of the Dungeon)
  6532 | D:9      | Received a gift from Okawaru
  6546 | D:9      | Mangled by an ice devil

Illustrated notes

Levels and vault maps discovered:
D:1:      dpeg_arrival_court, layout_basic, basic_ecumenical_altar
D:2:      layout_rooms, minmay_misc_feat_square, uniq_sigmund
D:3:      layout_basic, vehumet_statue, gammafunk_ghost_abyssal_escape
D:4:      layout_loops_corners, lemuel_crystal_altar,
          nicolae_sif_muna_condensation, elyvilon_altar_1, temple_green,
          hangedman_abyss_or_decor_lesser_grid
D:5:      layout_layer_cave, kennysheep_generic_room_16, uniq_menkaure
D:6:      layout_basic, mainiacjoe_overflow_boulevard, serial_shops,
          nicolae_shop_tiny_glass, kennysheep_crisscross
D:7:      layout_rooms, general_overflow_altar,
          mainiacjoe_overflow_concentric_impassable,
          mainiacjoe_overflow_small_starburst, nicolae_water_bricks
D:8:      layout_rooms, grunt_nemelex_the_gamble, lemuel_doored_altar,
          gup_ossuary_entry_pyramid, minivault_10, chequers_arboretum
D:9:      minmay_thinvault, layout_loops_corners, kb_xom_exploding_sheep,
          dpeg_lair_monsters, nicolae_neqoxec_dot_bat
Temple:   grunt_temple_mini_profane

Skill      XL: |  1  2  3  4  5  6  7  8  9 10 |
---------------+-------------------------------+-----
Fighting       | 4 5 7 8 9 |  9.9
Maces & Flails | 3 4 6 7 8 |  8.7
Armour         | 4 5 7 8 9 |  9.9
Shields        | 4 5 7 8 9 |  9.8

Action                     |  1- 3 |  4- 6 |  7- 9 | 10-12 || total
---------------------------+-------+-------+-------+-------++-------
  Melee: Flail             |    69 |   123 |   361 |   183 ||   736
 Invoke: Heroism           |       |       |     2 |     3 ||     5
    Use: Scroll            |       |     9 |     8 |     3 ||    20
 Armour: Scale mail        |    49 |    77 |    53 |       ||   179
         Chain mail        |       |       |   194 |   113 ||   307
  Dodge: Dodged            |    37 |    50 |   166 |    60 ||   313
  Block: Buckler           |    10 |    42 |   129 |   134 ||   315

Table legend: (Time is in decaauts)
 A = Elapsed time spent in this place.
 B = Non-inter-level travel time spent in this place.
 C = Inter-level travel time spent in this place.
 D = Time resting spent in this place.
 E = Time spent auto-exploring this place.
 F = Levels seen in this place.
 G = Mean time per level.
                   A        B        C        D        E       F      G
               +--------+--------+--------+--------+--------+-----+--------+
         Total |   6656 |   6172 |    484 |    476 |   4076 |  11 |  605.1 |
       Dungeon |   6481 |   6008 |    473 |    476 |   4007 |   9 |  720.1 |
        Temple |     31 |     20 |     11 |      0 |     14 |   1 |   31.0 |
       Ossuary |    144 |    144 |      0 |      0 |     55 |   1 |  144.0 |
               +--------+--------+--------+--------+--------+-----+--------+

Top non-repeatable levels by time:
     D:4: 1154 daAuts
     D:5: 1106 daAuts
     D:8: 872 daAuts
     D:6: 736 daAuts
     D:1: 718 daAuts
     D:7: 685 daAuts
     D:3: 486 daAuts
     D:2: 464 daAuts
     D:9: 256 daAuts
 Ossuary: 144 daAuts
  Temple: 31 daAuts
